 Seeded DCSS version 0.29-a0-902-g0f71de6fce (webtiles) character file.

Game seed: 32220765 (custom seed)

11879 purpskrrrp the Basher (level 11, -1/99 HPs)
             Began as a Minotaur Fighter on July 25, 2022.
             Was an Initiate of Gozag.
             Slain by a skeletal warrior
             ... wielding a +0 long sword
              (25 damage)
             ... on level 10 of the Dungeon.
             The game lasted 01:00:54 (11958 turns).

purpskrrrp the Basher (Minotaur Fighter)           Turns: 11958, Time: 01:00:54

Health: -1/99      AC: 16    Str: 23    XL:     11   Next: 55%
Magic:  10/10      EV: 17    Int:  4    God:    Gozag
Gold:   1088       SH:  6    Dex: 15    Spells: 10/10 levels left

rFire   . . .      SeeInvis .   a - +2 flail (elec)
rCold   + . .      Faith    .   c - +0 buckler
rNeg    . . .      Spirit   .   q - +3 ring mail {rC+}
rPois   .          Reflect  .   (helmet restricted)
rElec   .          Harm     .   n - +0 cloak
rCorr   .          Rampage  .   (no gloves)
Will    .....                   (no boots)
Stlth   +.........              (no amulet)
HPRegen 0.26/turn               A - +4 ring of protection
MPRegen 0.12/turn               C - +4 ring of evasion

@: gold aura, on berserk cooldown, slowed, very slow
A: horns 2, retaliatory headbutt, agile 1, shaggy fur 1
a: Renounce Religion, Potion Petition, Call Merchant, Bribe Branch


You were on level 10 of the Dungeon.
You worshipped Gozag.
Gozag was most pleased with you.
You visited 2 branches of the dungeon, and saw 11 of its levels.

You collected 1361 gold pieces.
You spent 140 gold pieces at shops.
You paid 133 gold pieces to Gozag.

Inventory:

Hand Weapons
 a - a +2 flail of electrocution (weapon)
 y - a +0 falchion of holy wrath
Missiles
 x - a throwing net
 F - 2 boomerangs of dispersal
 L - 2 silver boomerangs (quivered)
Armour
 b - a +0 scale mail
 c - a +0 buckler (worn)
 n - a +0 cloak (worn)
 q - a +3 ring mail of cold resistance (worn)
 z - +0 steam dragon scales
 I - a +0 plate armour
Jewellery
 o - a ring of ice
 p - a ring of wizardry
 r - a ring of protection from fire
 A - a +4 ring of protection (left hand)
 C - a +4 ring of evasion (right hand)
 J - a ring of ice
Wands
 u - a wand of polymorph (12)
 w - a wand of flame (41)
 G - a wand of iceblast (1)
Scrolls
 f - 4 scrolls of silence
 g - a scroll of fear
 h - 3 scrolls of noise
 j - 2 scrolls of teleportation
 v - 3 scrolls of blinking
 B - a scroll of amnesia
 D - 4 scrolls of identify
 E - 3 scrolls of magic mapping
 K - a scroll of poison
Potions
 d - 2 potions of brilliance
 e - 2 potions of lignification
 i - 3 potions of flight
 k - a potion of ambrosia
 l - 5 potions of curing
 m - a potion of attraction
 s - 5 potions of degeneration
 t - 2 potions of heal wounds
 M - a potion of haste {unknown}


   Skills:
 + Level 9.6 Fighting
 * Level 14.9 Maces & Flails
 + Level 0.1 Throwing
 + Level 9.1 Armour
 + Level 6.2 Dodging
 + Level 8.0 Shields
 + Level 3.3 Evocations


You had 10 spell levels left.
You didn't know any spells.
Your spell library contained the following spells:

 Spells                   Type           Power      Damage    Failure   Level
 Magic Dart               Conj           0%         1d3       71%         1
 Scorch                   Fire           0%         2d5       85%         2
 Searing Ray              Conj           0%         2d4       85%         2
 Confusing Touch          Hex            0%         N/A       97%         3
 Gell's Gravitas          Tloc           0%         N/A       97%         3
 Ozocubu's Armour         Ice            0%         N/A       97%         3
 Teleport Other           Tloc           0%         N/A       97%         3
 Flame Wave               Conj/Fire      0%         2d4       100%        4
 Fulminant Prism          Conj/Hex       0%         3d6       100%        4
 Yara's Violent Unravell  Hex/Tmut       0%         3d3       100%        5
 Dispersal                Tloc           0%         N/A       100%        6
 Summon Cactus Giant      Summ           0%         N/A       100%        6
 Enfeeble                 Hex            0%         N/A       100%        7
 Ozocubu's Refrigeration  Ice            0%         4d5       100%        7


Dungeon Overview and Level Annotations

Branches:
Dungeon (10/15)            Temple (1/1) D:7
   Lair: D:8-11         Orc: D:9-12

Altars:
Ashenzari
Cheibriados
Dithmenos
Elyvilon
Fedhas
Gozag
Hepliaklqana
Kikubaaqudgha
Makhleb
Nemelex Xobeh
Okawaru
Qazlal
Ru
Sif Muna
Trog
Uskayaw
Vehumet
Wu Jian
Xom
Yredelemnul
Zin
The Shining One

Shops:
D:4 [   D:5 *   D:8 *


Innate Abilities, Weirdness & Mutations

You have a pair of horns on your head.
You reflexively headbutt those who attack you in melee.
You are agile. (Dex +4, Str/Int -1)
You are covered in fur. (AC +1)


Message History

The skeletal warrior hits you with a +0 mace!
You sock the skeletal warrior!
The skeletal warrior is heavily damaged.
You hit the skeletal warrior. You headbutt the skeletal warrior.
The skeletal warrior is severely damaged.
The skeletal warrior closely misses you.
The skeletal warrior completely misses you.
You hit the skeletal warrior.
Lightning courses through the skeletal warrior!!
You destroy the skeletal warrior!
The skeletal warrior barely misses you. You furiously retaliate!
You headbutt the skeletal warrior, but do no damage.
Things that are here:
10 gold pieces; a +0 mace; a +0 glaive You barely miss the skeletal warrior.
You are no longer berserk.
You are exhausted.
You feel yourself slow down. The skeletal warrior barely misses you.
You furiously retaliate!
You headbutt the skeletal warrior, but do no damage.
You barely miss the skeletal warrior.
The skeletal warrior is no longer distracted by gold.
The skeletal warrior barely misses you. You furiously retaliate!
You headbutt the skeletal warrior, but do no damage.
You sock the skeletal warrior!
Your headbutt misses the skeletal warrior.
The skeletal warrior is moderately damaged.
You closely miss the skeletal warrior.
You headbutt the skeletal warrior, but do no damage.
The skeletal warrior barely misses you.
You sock the skeletal warrior!
The skeletal warrior is lightly damaged.
The skeletal warrior closely misses you.
The skeletal warrior hits you from afar with a +0 glaive!
* * * LOW HITPOINT WARNING * * *
You sock the skeletal warrior!
The skeletal warrior is moderately damaged.
The skeletal warrior hits you with a +0 long sword!!
You die...
Your body crumbles into a pile of gold.

### #.# #.# #.#
#.# #z# #z# #@#
#$#
#.################
#.................
##################
##################


You could see 2 skeletal warriors.

Vanquished Creatures
  Fannar (D:10)
  2 two-headed ogres (D:10)
  3 skeletal warriors (D:10)
  2 cyclopes
  Joseph (D:7)
  A gargoyle (D:10)
  2 unseen horrors (D:10)
  2 trolls
  A hornet (D:10)
  Grinder (D:3)
  A wraith (D:10)
  A wyvern (D:9)
  7 yaks
  A vampire (D:9)
  3 steam dragons
  2 acid dragons
  A water moccasin (D:8)
  2 black bears
  An ice beast (D:7)
  2 orc warriors
  4 ogres
  A sky beast (D:6)
  A centaur (D:8)
  3 kobold brigands
  5 bullfrogs
  2 gnoll sergeants (D:8)
  A scorpion (D:5)
  A necrophage (D:5)
  7 wights
  5 killer bees (D:10)
  2 lava snakes (D:9)
  4 hounds (D:6)
  A jelly (D:7)
  5 orc priests
  A gnoll bouda (D:9)
  Jessica (D:2)
  2 iguanas (D:5)
  7 orc wizards
  22 gnolls
  7 adders
  2 shadow imps (D:6)
  2 ufetubi
  2 worms
  2 dart slugs
  33 orcs
  2 endoplasms
  5 giant cockroaches
  8 hobgoblins
  11 jackals
  6 quokkas
  8 ball pythons
  6 bats
  4 frilled lizards
  2 goblins
  14 kobolds
  7 rats
233 creatures vanquished.

Vanquished Creatures (collateral kills)
  An ogre (D:6)
  A scorpion (D:5)
  A gnoll (D:6)
  3 orcs (D:6)
6 creatures vanquished.

Vanquished Creatures (others)
  Menkaure (D:7)
  An orc warrior (D:7)
  A wight (D:7)
  A gnoll bouda (D:6)
  5 plants (D:7)
9 creatures vanquished.

Grand Total: 248 creatures vanquished

Notes
Turn   | Place    | Note
-------+----------+-------------------------------------------
     0 | D:1      | purpskrrrp the Minotaur Fighter began the quest for the
                  | Orb.
     0 | D:1      | Reached XP level 1. HP: 19/19 MP: 0/0
    86 | D:1      | Reached XP level 2. HP: 24/27 MP: 1/1
   249 | D:1      | Found a faded altar of an unknown god.
   612 | D:1      | Reached XP level 3. HP: 29/33 MP: 2/2
   919 | D:2      | Noticed Jessica
   921 | D:2      | Killed Jessica
   922 | D:2      | Reached skill level 3 in Maces & Flails
   922 | D:2      | Reached skill level 1 in Dodging
  1044 | D:2      | Reached XP level 4. HP: 38/41 MP: 3/3
  1648 | D:3      | Reached XP level 5. HP: 11/47 MP: 4/4
  1906 | D:3      | Reached skill level 4 in Maces & Flails
  1915 | D:3      | HP: 2/47 [gnoll/+0 club (4)]
  2562 | D:3      | Noticed Grinder
  2567 | D:3      | Killed Grinder
  2568 | D:3      | Reached skill level 5 in Fighting
  2568 | D:3      | Reached skill level 5 in Maces & Flails
  2568 | D:3      | Reached skill level 5 in Armour
  2568 | D:3      | Reached XP level 6. HP: 47/56 MP: 5/5
  2740 | D:3      | Found a faded altar of an unknown god.
  2756 | D:3      | Found a sparkling altar of Nemelex Xobeh.
  3019 | D:4      | Reached XP level 7. HP: 58/62 MP: 6/6
  3092 | D:4      | Found a hide-covered altar of Uskayaw.
  3154 | D:4      | Found a shimmering altar of Xom.
  3260 | D:4      | Found Adapt's Antique Armour Shop.
  3274 | D:4      | Bought a runed ring mail for 140 gold pieces
  3353 | D:4      | Found a shimmering blue altar of Sif Muna.
  3354 | D:4      | Found a blossoming altar of Fedhas.
  3613 | D:5      | Entered Level 5 of the Dungeon
  3690 | D:5      | Reached skill level 6 in Maces & Flails
  3730 | D:5      | Found Ofepsasi's Elemental Accessories.
  3868 | D:5      | Found a basalt altar of Yredelemnul.
  3894 | D:5      | Reached skill level 5 in Shields
  4212 | D:5      | Reached skill level 7 in Maces & Flails
  4605 | D:5      | Reached XP level 8. HP: 58/71 MP: 7/7
  4853 | D:6      | Reached skill level 8 in Maces & Flails
  5265 | D:6      | Identified the +11 short sword of Tomorrow {chaos, Str+2}
  5283 | D:6      | Reached skill level 9 in Maces & Flails
  5618 | D:6      | Reached skill level 10 in Maces & Flails
  5852 | D:6      | Reached XP level 9. HP: 72/79 MP: 8/8
  6037 | D:7      | Noticed Joseph
  6047 | D:7      | Noticed Menkaure
  6058 | D:7      | Your ally Menkaure died
  6066 | D:7      | Killed Joseph
  6098 | D:7      | Noticed a cyclops
  6116 | D:7      | Reached skill level 1 in Evocations
  6347 | D:7      | Reached skill level 11 in Maces & Flails
  6439 | D:7      | Found a snail-covered altar of Cheibriados.
  6451 | D:7      | Found a glowing golden altar of the Shining One.
  6507 | D:7      | Found a hazy altar of Hepliaklqana.
  6579 | D:7      | Killed a cyclops
  6731 | D:7      | Found a staircase to the Ecumenical Temple.
  6781 | Temple   | Entered the Ecumenical Temple
  6858 | Temple   | Became a worshipper of Gozag Ym Sagoz the Greedy
  6909 | D:7      | Found a burning altar of Makhleb.
  7189 | D:8      | Reached skill level 12 in Maces & Flails
  7198 | D:8      | Found Ywnycoq's Overcharged Wands.
  7318 | D:8      | Found a bloodstained altar of Trog.
  7737 | D:8      | Reached XP level 10. HP: 88/88 MP: 9/9
  8969 | D:9      | Gained mutation: Your body sometimes deteriorates upon
                  | taking damage. [potion of mutation]
  8969 | D:9      | Gained mutation: Your system is resistant to poisons.
                  | (rPois) [potion of mutation]
  8970 | D:9      | Lost mutation: Your system is resistant to poisons. (rPois)
                  | [potion of mutation]
  8970 | D:9      | Lost mutation: Your body sometimes deteriorates upon taking
                  | damage. [potion of mutation]
  8970 | D:9      | Gained mutation: Your mind is acute. (Int +4, Str/Dex -1)
                  | [potion of mutation]
  9069 | D:9      | Reached skill level 13 in Maces & Flails
 10064 | D:10     | Entered Level 10 of the Dungeon
 10094 | D:10     | Noticed Fannar
 10111 | D:10     | Reached skill level 5 in Dodging
 10353 | D:10     | Lost mutation: Your mind is acute. (Int +4, Str/Dex -1)
                  | [potion of mutation]
 10353 | D:10     | Gained mutation: You are covered in fur. (AC +1) [potion of
                  | mutation]
 10353 | D:10     | Gained mutation: You are agile. (Dex +4, Str/Int -1)
                  | [potion of mutation]
 10502 | D:10     | Noticed a two-headed ogre
 10512 | D:10     | Killed a two-headed ogre
 10513 | D:10     | Reached skill level 14 in Maces & Flails
 10666 | D:10     | Killed Fannar
 10667 | D:10     | Reached XP level 11. HP: 61/97 MP: 10/10
 11069 | D:10     | Noticed a two-headed ogre
 11086 | D:10     | Killed a two-headed ogre
 11532 | D:10     | Noticed a skeletal warrior
 11532 | D:10     | Noticed a skeletal warrior
 11532 | D:10     | Noticed a skeletal warrior
 11533 | D:10     | Noticed a skeletal warrior
 11533 | D:10     | Noticed a skeletal warrior
 11942 | D:10     | Killed a skeletal warrior
 11946 | D:10     | Killed a skeletal warrior
 11951 | D:10     | Killed a skeletal warrior
 11958 | D:10     | Slain by a skeletal warrior

Illustrated notes

Levels and vault maps discovered:
D:1:      wander_arrival_fairy_ring, layout_basic, ebering_ecumenical_altar_webs
D:2:      layout_loops_ring, uniq_jessica, uniq_crazy_yiuf_cottage
D:3:      layout_loops_ring, nicolae_overflow_ecumenical_swirl, uniq_grinder
D:4:      layout_basic, mainiacjoe_overflow_paths,
          lemuel_coloured_pillars_altar, amethyst_overflow_temple_binary,
          serial_shops, shop
D:5:      layout_loops_corners, lemuel_crystal_altar, nicolae_elemental_shop
D:6:      layout_loops_ring, kennysheep_generic_room_6
D:7:      layout_basic, kennysheep_slug_shrine, mainiacjoe_overflow_alcove_4,
          mainiacjoe_overflow_alcove_2, nicolae_hepliaklqana_hazy_memory,
          minmay_temple_entry_antechambers, serial_glass, glass_columns_c,
          glass_columns_b, hangedman_decor_opposing, hangedman_decor_growths,
          uniq_joseph, uniq_menkaure
D:8:      layout_layer_cave, nicolae_overflow_crystal_walls,
          nicolae_shop_overcharged_wands
D:9:      layout_roguey, serial_corexii_hall, chequers_hall_statues_y,
          corexii_hall_statues_s, kennysheep_small_spiral
D:10:     layout_long_grid, lair_entry_dummy, grunt_potential, uniq_fannar
Temple:   jpeg_temple_clearing

Skill      XL: |  1  2  3  4  5  6  7  8  9 10 11 |
---------------+----------------------------------+-----
Shields        | 4 5 6 7 8 |  8.0
Armour         | 4 5 6 7 8 9 |  9.1
Fighting       | 4 5 6 7 9 |  9.6
Maces & Flails | 3 5 7 10 12 14 | 14.9
Dodging        | 1 2 3 4 5 6 |  6.2
Evocations     | 1 2 3 |  3.3
Throwing       | |  0.1

Action                   |  1- 3 |  4- 6 |  7- 9 | 10-12 || total
-------------------------+-------+-------+-------+-------++-------
Melee: Flail             |    83 |   102 |   242 |   261 ||   688
       Headbutt          |     8 |    16 |    39 |    55 ||   118
Throw: Boomerang         |       |       |       |     2 ||     2
Evoke: Wand              |       |       |     8 |    23 ||    31
  Use: Scroll            |     6 |     6 |    11 |     4 ||    27
       Potion            |       |     1 |     4 |     4 ||     9
 Stab: Distracted        |       |       |     1 |     1 ||     2
Armor: Scale mail        |    45 |    46 |     7 |       ||    98
       Ring mail         |       |       |    70 |    72 ||   142
Dodge: Dodged            |    54 |    35 |    99 |   148 ||   336
Block: Buckler           |    22 |    24 |    55 |    47 ||   148

Table legend: (Time is in decaauts)
 A = Elapsed time spent in this place.
 B = Non-inter-level travel time spent in this place.
 C = Inter-level travel time spent in this place.
 D = Time resting spent in this place.
 E = Time spent auto-exploring this place.
 F = Levels seen in this place.
 G = Mean time per level.
                   A        B        C        D        E       F      G
               +--------+--------+--------+--------+--------+-----+--------+
         Total |  11935 |  11183 |    752 |   2174 |   6598 |  11 | 1085.0 |
       Dungeon |  11841 |  11098 |    743 |   2174 |   6541 |  10 | 1184.1 |
        Temple |     93 |     84 |      9 |      0 |     57 |   1 |   93.0 |
               +--------+--------+--------+--------+--------+-----+--------+

Top non-repeatable levels by time:
     D:9: 1702 daAuts
    D:10: 1642 daAuts
     D:8: 1492 daAuts
     D:3: 1331 daAuts
     D:6: 1204 daAuts
     D:5: 1167 daAuts
     D:7: 967 daAuts
     D:1: 941 daAuts
     D:4: 799 daAuts
     D:2: 592 daAuts
  Temple: 93 daAuts
